TOP OF THE 1ST |
Santa Barbara Streak batting - Pitching for Mercer Island Screaming Eagles : RHP Don Miller
|
Pitching: RHP Don Miller
|
|
Batting: SHB Todd Cisneros
|
0-0: Called Strike 0-1: Ball 1-1: Ball 2-1: Ball 3-1: Base on Balls
|
Batting: RHB Bob Narváiz
|
0-0: Ball 1-0: Swinging Strike 1-1: Ball 2-1: SINGLE (Line Drive, 34) Todd Cisneros to second
|
Batting: LHB Jesús Vargas
|
0-0: SINGLE (Line Drive, 34D) Todd Cisneros to third Bob Narváiz to second Runner from 3rd tries for Home, SAFE, throw made home
|
Batting: SHB Robbie Anderson
|
0-0: Called Strike 0-1: Fly out, F6 (Popup, 5DF)
|
Batting: SHB Terry Conley
|
0-0: Ball 1-0: Foul Ball, location: 2F 1-1: Ball 2-1: Ball 3-1: DOUBLE (Line Drive, 7LS) Bob Narváiz scores Jesús Vargas to third
|
Batting: RHB Gil Lowe
|
0-0: Called Strike 0-1: Ball 1-1: Called Strike 1-2: DOUBLE (Line Drive, 7LM) Jesús Vargas scores Terry Conley scores
|
Batting: RHB Alberto Ortíz
|
0-0: Ball 1-0: Foul Ball, location: 2F 1-1: Ball 2-1: Ground out 4-3 (Groundball, 4) Gil Lowe to third
|
Batting: RHB Héctor Cantú
|
0-0: Ball 1-0: Called Strike 1-1: Called Strike 1-2: Strikes out swinging
|
Top of the 1st over - 4 run(s), 4 hit(s), 0 error(s), 1 left on base; Santa Barbara 4 - Mercer Island 0 |
BOTTOM OF THE 1ST |
Mercer Island Screaming Eagles batting - Pitching for Santa Barbara Streak : LHP Bill Washington
|
Pitching: LHP Bill Washington
|
|
Batting: RHB Luis Antonio Hernández
|
0-0: Ball 1-0: Ball 2-0: Ball 3-0: Called Strike 3-1: Swinging Strike 3-2: SINGLE (Groundball, 56)
|
Batting: LHB Mike Russell
|
0-0: SINGLE (Line Drive, 6D) Luis Antonio Hernández to second
|
Batting: SHB Stephen Yates
|
0-0: Called Strike 0-1: Ball 1-1: Ball 2-1: Foul Ball, location: 2F 2-2: Ball 3-2: Base on Balls Luis Antonio Hernández to third Mike Russell to second
|
Batting: SHB Ray Davis
|
0-0: Called Strike 0-1: Foul Ball, location: 2F 0-2: Ball 1-2: Ball 2-2: Ball Wild Pitch! Luis Antonio Hernández scores Mike Russell to third Stephen Yates to second 3-2: DOUBLE (Flyball, 9LM) Mike Russell scores Stephen Yates scores
|
Batting: RHB Miguel Márquez
|
0-0: Called Strike 0-1: Ground out 6-3 (Groundball, 6)
|
Batting: RHB Ted Cook
|
0-0: Called Strike 0-1: Ball Balk! Ray Davis to third 1-1: Fly out, F3 (Popup, 3SF)
|
Batting: RHB Vincente Flores
|
0-0: Ground out 6-3 (Groundball, 6)
|
Bottom of the 1st over - 3 run(s), 3 hit(s), 0 error(s), 1 left on base; Santa Barbara 4 - Mercer Island 3 |
TOP OF THE 2ND |
Santa Barbara Streak batting - Pitching for Mercer Island Screaming Eagles : RHP Don Miller
|
Batting: RHB Carlos Trujillo
|
0-0: Ball 1-0: Reached on error, E5 (Groundball, 5L)
|
Batting: SHB Todd Cisneros
|
0-0: Ball 1-0: Called Strike 1-1: Ball 2-1: Called Strike 2-2: Fielders Choice at 2nd, 4-6 (Groundball, 34)
|
Batting: RHB Bob Narváiz
|
0-0: Ball 1-0: Ball 2-0: Foul Ball, location: 2F 2-1: Grounds into double play, U6-3 (Groundball, 6M)
|
Top of the 2nd over - 0 run(s), 0 hit(s), 1 error(s), 0 left on base; Santa Barbara 4 - Mercer Island 3 |
BOTTOM OF THE 2ND |
Mercer Island Screaming Eagles batting - Pitching for Santa Barbara Streak : LHP Bill Washington
|
Batting: RHB P.J. O'Keefe
|
0-0: SINGLE (Flyball, 8LS)
|
Batting: RHB Alan Rosales
|
0-0: Ball 1-0: Called Strike 1-1: Foul Ball, location: 2F 1-2: Ball 2-2: SINGLE (Groundball, 56D) P.J. O'Keefe to second
|
Batting: RHB Luis Antonio Hernández
|
0-0: Ball 1-0: Called Strike 1-1: Grounds into double play, 5-4-3 (Groundball, 5) P.J. O'Keefe to third
|
Batting: LHB Mike Russell
|
0-0: Ball 1-0: Foul Ball, location: 2F 1-1: Foul Ball, location: 2F 1-2: Strikes out looking
|
Bottom of the 2nd over - 0 run(s), 2 hit(s), 0 error(s), 1 left on base; Santa Barbara 4 - Mercer Island 3 |
TOP OF THE 3RD |
Santa Barbara Streak batting - Pitching for Mercer Island Screaming Eagles : RHP Don Miller
|
Batting: LHB Jesús Vargas
|
0-0: Ball 1-0: Called Strike 1-1: SINGLE (Groundball, 34D)
|
Batting: SHB Robbie Anderson
|
0-0: Ball 1-0: Ball 2-0: Called Strike 2-1: Ball 3-1: Foul Ball, location: 2F 3-2: Base on Balls Jesús Vargas to second
|
Batting: SHB Terry Conley
|
0-0: Ball 1-0: Ball 2-0: Called Strike 2-1: Foul Ball, location: 2F 2-2: DOUBLE (Line Drive, 5L) Jesús Vargas scores Robbie Anderson to third
|
Batting: RHB Gil Lowe
|
0-0: Fly out, F4 (Line Drive, 4) 0-0: Lined into DP, 4-5 (Line Drive, 4)
|
Batting: RHB Alberto Ortíz
|
0-0: Foul Ball, location: 2F 0-1: SINGLE (Line Drive, 7S) Terry Conley to third Runner from 3rd tries for Home, SAFE, no throw or cutoff
|
Pitching: RHP Alejandro Arteaga
|
|
Batting: RHB Héctor Cantú
|
0-0: Swinging Strike 0-1: Ball 1-1: Ground out 4-3 (Groundball, 4)
|
Top of the 3rd over - 2 run(s), 3 hit(s), 0 error(s), 1 left on base; Santa Barbara 6 - Mercer Island 3 |
BOTTOM OF THE 3RD |
Mercer Island Screaming Eagles batting - Pitching for Santa Barbara Streak : LHP Bill Washington
|
Batting: SHB Stephen Yates
|
0-0: Called Strike 0-1: Foul Ball, location: 2F 0-2: Ball 1-2: Ground out 6-3 (Groundball, 6)
|
Batting: SHB Ray Davis
|
0-0: Ball 1-0: Called Strike 1-1: Foul Ball, location: 2F 1-2: Foul Ball, location: 2F 1-2: Ball 2-2: Ball 3-2: Foul Ball, location: 2F 3-2: Base on Balls
|
Pitching: RHP Woodrow Foster
|
|
Batting: RHB Miguel Márquez
|
0-0: Ball 1-0: Ball 2-0: Foul Ball, location: 2F 2-1: Ball 3-1: Foul Ball, location: 2F 3-2: SINGLE (Line Drive, 8RS) Ray Davis to second Runner from 2nd tries for 3rd, SAFE, throw made to third
|
Batting: RHB Ted Cook
|
0-0: Called Strike 0-1: Ball 1-1: Swinging Strike 1-2: Foul Ball, location: 2F 1-2: Foul Ball, location: 2F 1-2: Ball 2-2: SINGLE (Groundball, 6M) Ray Davis scores Miguel Márquez to second Runner from 2nd tries for 3rd, SAFE, throw made to third
|
Batting: RHB Vincente Flores
|
Pickoff Throw to First - Out! 0-0: Ball 1-0: SINGLE (Line Drive, 56) Miguel Márquez scores
|
Batting: RHB P.J. O'Keefe
|
0-0: Ball 1-0: Called Strike 1-1: Ball 2-1: SINGLE (Groundball, 6MD) Vincente Flores to second
|
Batting: RHB Alan Rosales
|
0-0: Ball 1-0: Ball 2-0: Ball 3-0: Base on Balls Vincente Flores to third P.J. O'Keefe to second
|
Batting: RHB Luis Antonio Hernández
|
0-0: Called Strike 0-1: Called Strike 0-2: Strikes out swinging
|
Bottom of the 3rd over - 2 run(s), 4 hit(s), 0 error(s), 3 left on base; Santa Barbara 6 - Mercer Island 5 |
TOP OF THE 4TH |
Santa Barbara Streak batting - Pitching for Mercer Island Screaming Eagles : RHP Alejandro Arteaga
|
Batting: RHB Carlos Trujillo
|
0-0: Called Strike 0-1: SINGLE (Line Drive, 6D)
|
Batting: SHB Todd Cisneros
|
0-0: Ball 1-0: Fly out, F7 (Flyball, 7LM)
|
Batting: RHB Bob Narváiz
|
0-0: Ball 1-0: Ball 2-0: Ball 3-0: Base on Balls Carlos Trujillo to second
|
Batting: LHB Jesús Vargas
|
0-0: Called Strike 0-1: Foul Ball, location: 2F 0-2: SINGLE (Popup, 25) Carlos Trujillo to third Bob Narváiz to second Runner from 3rd tries for Home, SAFE, no throw or cutoff
|
Batting: SHB Robbie Anderson
|
0-0: Fly out, F5 (Line Drive, 5S)
|
Batting: SHB Terry Conley
|
0-0: Ball 1-0: Ball 2-0: SINGLE (Line Drive, 34D) Bob Narváiz to third Jesús Vargas to second
|
Batting: RHB Gil Lowe
|
0-0: Ball 1-0: Swinging Strike 1-1: Foul Ball, location: 2F 1-2: GRAND SLAM HOME RUN (Flyball, 7LD), Distance : 368 ft
|
Pitching: LHP Domingo Posadas
|
|
Batting: RHB Alberto Ortíz
|
0-0: Ball 1-0: Fly out, F9 (Flyball, 9LM)
|
Top of the 4th over - 5 run(s), 4 hit(s), 0 error(s), 0 left on base; Santa Barbara 11 - Mercer Island 5 |
BOTTOM OF THE 4TH |
Mercer Island Screaming Eagles batting - Pitching for Santa Barbara Streak : RHP Woodrow Foster
|
Batting: LHB Mike Russell
|
0-0: Ball 1-0: Called Strike 1-1: Fly out, F8 (Flyball, 8RM)
|
Batting: SHB Stephen Yates
|
0-0: Ball 1-0: Ball 2-0: Ball 3-0: Called Strike 3-1: Base on Balls
|
Batting: SHB Ray Davis
|
0-0: Ball 1-0: Swinging Strike 1-1: Ball 2-1: Ball 3-1: Called Strike 3-2: Fly out, F8 (Flyball, 8LM)
|
Batting: RHB Miguel Márquez
|
0-0: Ball 1-0: Called Strike 1-1: Ball 2-1: Ground out 5-3 (Groundball, 56)
|
Bottom of the 4th over - 0 run(s), 0 hit(s), 0 error(s), 1 left on base; Santa Barbara 11 - Mercer Island 5 |
TOP OF THE 5TH |
Santa Barbara Streak batting - Pitching for Mercer Island Screaming Eagles : LHP Domingo Posadas
|
Batting: RHB Héctor Cantú
|
0-0: Ball 1-0: Ball 2-0: Fly out, F3 (Popup, 4)
|
Batting: RHB Carlos Trujillo
|
0-0: Called Strike 0-1: Foul Ball, location: 2F 0-2: Ball 1-2: Strikes out swinging
|
Batting: SHB Todd Cisneros
|
0-0: Ball 1-0: Ground out 1-3 (Groundball, 15S)
|
Top of the 5th over - 0 run(s), 0 hit(s), 0 error(s), 0 left on base; Santa Barbara 11 - Mercer Island 5 |
BOTTOM OF THE 5TH |
Mercer Island Screaming Eagles batting - Pitching for Santa Barbara Streak : RHP Woodrow Foster
|
Batting: RHB Ted Cook
|
0-0: Called Strike 0-1: Foul Ball, location: 2F 0-2: Ball 1-2: Ball 2-2: Fly out, F9 (Flyball, 89M)
|
Batting: RHB Vincente Flores
|
0-0: Ball 1-0: Fly out, F4 (Popup, 4M)
|
Batting: RHB P.J. O'Keefe
|
0-0: Ball 1-0: Fly out, F9 (Flyball, 9D)
|
Bottom of the 5th over - 0 run(s), 0 hit(s), 0 error(s), 0 left on base; Santa Barbara 11 - Mercer Island 5 |
TOP OF THE 6TH |
Santa Barbara Streak batting - Pitching for Mercer Island Screaming Eagles : LHP Domingo Posadas
|
Batting: RHB Bob Narváiz
|
0-0: Reached on Error, E9 (Line Drive, 9M)
|
Batting: LHB Jesús Vargas
|
0-0: Fly out, F8 (Flyball, 8LS)
|
Batting: SHB Robbie Anderson
|
0-0: Called Strike 0-1: Ball 1-1: 2-RUN HOME RUN (Flyball, 78XD), Distance : 427 ft
|
Batting: SHB Terry Conley
|
0-0: Ball 1-0: Ball 2-0: Ball 3-0: Called Strike 3-1: SINGLE (Line Drive, 8LS)
|
Batting: RHB Gil Lowe
|
0-0: Called Strike 0-1: Foul Ball, location: 2F 0-2: Strikes out looking
|
Batting: RHB Alberto Ortíz
|
0-0: Ball Terry Conley is caught stealing 2nd base
|
Top of the 6th over - 2 run(s), 2 hit(s), 1 error(s), 0 left on base; Santa Barbara 13 - Mercer Island 5 |
BOTTOM OF THE 6TH |
Mercer Island Screaming Eagles batting - Pitching for Santa Barbara Streak : RHP Woodrow Foster
|
Pitching: RHP Jim Unknown
|
|
Batting: RHB Alan Rosales
|
0-0: Foul Ball, location: 2F 0-1: Called Strike 0-2: Hit by Pitch
|
Batting: RHB Luis Antonio Hernández
|
0-0: Foul Ball, location: 2F 0-1: Foul Ball, location: 2F 0-2: Foul Ball, location: 2F 0-2: Strikes out swinging
|
Batting: LHB Mike Russell
|
0-0: Ball 1-0: Fly out, F8 (Flyball, 8LM)
|
Batting: SHB Stephen Yates
|
0-0: Ball 1-0: Ball Alan Rosales steals 2nd base 2-0: Foul Ball, location: 2F 2-1: SINGLE (Groundball, 4M) Alan Rosales to third Runner from 3rd tries for Home, SAFE, no throw or cutoff
|
Batting: SHB Ray Davis
|
0-0: Fly out, F7 (Line Drive, 7M)
|
Bottom of the 6th over - 1 run(s), 1 hit(s), 0 error(s), 1 left on base; Santa Barbara 13 - Mercer Island 6 |
TOP OF THE 7TH |
Santa Barbara Streak batting - Pitching for Mercer Island Screaming Eagles : LHP Domingo Posadas
|
Pitching: RHP Rafael García
|
|
Batting: RHB Alberto Ortíz
|
0-0: Fly out, F4 (Line Drive, 4)
|
Batting: RHB Héctor Cantú
|
0-0: Called Strike 0-1: Swinging Strike 0-2: Ball 1-2: Ball 2-2: Strikes out swinging
|
Batting: RHB Carlos Trujillo
|
0-0: Ball 1-0: Ball 2-0: Ball 3-0: Foul Ball, location: 2F 3-1: Base on Balls
|
Batting: SHB Todd Cisneros
|
0-0: Ball 1-0: Ball 2-0: Ball 3-0: Called Strike 3-1: Base on Balls Carlos Trujillo to second
|
Batting: RHB Bob Narváiz
|
0-0: Ball 1-0: Foul Ball, location: 2F 1-1: DOUBLE (Line Drive, 7LS) Carlos Trujillo scores Todd Cisneros to third
|
Batting: LHB Jesús Vargas
|
0-0: Called Strike 0-1: Ball 1-1: Ball 2-1: Ball 3-1: Base on Balls
|
Batting: SHB Robbie Anderson
|
0-0: Foul Ball, location: 2F 0-1: Ball 1-1: Foul Ball, location: 2F 1-2: Foul Ball, location: 2F 1-2: Foul Ball, location: 2F 1-2: Strikes out swinging
|
Top of the 7th over - 1 run(s), 1 hit(s), 0 error(s), 3 left on base; Santa Barbara 14 - Mercer Island 6 |
BOTTOM OF THE 7TH |
Mercer Island Screaming Eagles batting - Pitching for Santa Barbara Streak : RHP Jim Unknown
|
Now at C: Rick Johnson
|
|
Batting: RHB Miguel Márquez
|
0-0: Foul Ball, location: 2F 0-1: Ball 1-1: Called Strike 1-2: Foul Ball, location: 2F 1-2: Foul Ball, location: 2F 1-2: Strikes out swinging
|
Batting: RHB Ted Cook
|
0-0: DOUBLE (Groundball, 5L)
|
Batting: RHB Vincente Flores
|
0-0: Ball 1-0: Called Strike 1-1: Called Strike 1-2: Ground out 4-3 (Groundball, 13) Ted Cook to third
|
Batting: RHB P.J. O'Keefe
|
0-0: Ball 1-0: Ball 2-0: Foul Ball, location: 2F 2-1: Swinging Strike 2-2: SINGLE (Line Drive, 7S) Ted Cook scores
|
Batting: RHB Alan Rosales
|
0-0: Ball 1-0: Ball 2-0: Foul Ball, location: 2F 2-1: DOUBLE (Line Drive, 8LM) P.J. O'Keefe to third Runner from 3rd tries for Home, SAFE, no throw or cutoff
|
Pitching: RHP Jim Unknown
|
|
Batting: RHB Luis Antonio Hernández
|
0-0: Foul Ball, location: 2F 0-1: Called Strike 0-2: Ball 1-2: Strikes out swinging
|
Bottom of the 7th over - 2 run(s), 3 hit(s), 0 error(s), 1 left on base; Santa Barbara 14 - Mercer Island 8 |
TOP OF THE 8TH |
Santa Barbara Streak batting - Pitching for Mercer Island Screaming Eagles : RHP Rafael García
|
Batting: SHB Terry Conley
|
0-0: Swinging Strike 0-1: Ground out 4-3 (Groundball, 4)
|
Batting: RHB Gil Lowe
|
0-0: Ball 1-0: Foul Ball, location: 2F 1-1: Called Strike 1-2: Ground out 6-3 (Groundball, 6M)
|
Batting: RHB Alberto Ortíz
|
0-0: Ball 1-0: Called Strike 1-1: Foul Ball, location: 2F 1-2: Strikes out swinging
|
Top of the 8th over - 0 run(s), 0 hit(s), 0 error(s), 0 left on base; Santa Barbara 14 - Mercer Island 8 |
BOTTOM OF THE 8TH |
Mercer Island Screaming Eagles batting - Pitching for Santa Barbara Streak : RHP Jim Unknown
|
Batting: LHB Mike Russell
|
0-0: Swinging Strike 0-1: Foul Ball, location: 2F 0-2: Ball 1-2: Strikes out swinging
|
Batting: SHB Stephen Yates
|
0-0: Ball 1-0: Ball 2-0: Foul Ball, location: 2F 2-1: Ball 3-1: Base on Balls
|
Batting: SHB Ray Davis
|
0-0: Ball 1-0: Ball 2-0: Ball 3-0: Base on Balls Stephen Yates to second
|
Batting: RHB Miguel Márquez
|
0-0: Ball 1-0: Fly out, F8 (Flyball, 8LM)
|
Batting: RHB Ted Cook
|
0-0: Called Strike 0-1: Called Strike 0-2: Ball 1-2: Strikes out swinging
|
Bottom of the 8th over - 0 run(s), 0 hit(s), 0 error(s), 2 left on base; Santa Barbara 14 - Mercer Island 8 |
TOP OF THE 9TH |
Santa Barbara Streak batting - Pitching for Mercer Island Screaming Eagles : RHP Rafael García
|
Batting: RHB Rick Johnson
|
0-0: Ball 1-0: Ball 2-0: Ball 3-0: Base on Balls
|
Batting: RHB Carlos Trujillo
|
0-0: Called Strike 0-1: Ball 1-1: Swinging Strike 1-2: Ball 2-2: Foul Ball, location: 2F 2-2: Foul Ball, location: 2F 2-2: Strikes out swinging
|
Batting: SHB Todd Cisneros
|
0-0: Ball 1-0: Swinging Strike 1-1: Ball 2-1: Called Strike 2-2: Strikes out swinging
|
Batting: RHB Bob Narváiz
|
0-0: 2-RUN HOME RUN (Flyball, 78XD), Distance : 414 ft
|
Batting: LHB Jesús Vargas
|
0-0: Ball 1-0: Swinging Strike 1-1: Ball 2-1: Ball 3-1: Foul Ball, location: 2F 3-2: Foul Ball, location: 2F 3-2: Foul Ball, location: 2F 3-2: Base on Balls
|
Batting: SHB Robbie Anderson
|
0-0: Ball Wild Pitch! Jesús Vargas to second 1-0: Ball 2-0: Ball 3-0: Called Strike 3-1: SINGLE (Line Drive, 5L) Jesús Vargas to third Runner from 3rd tries for Home, SAFE, no throw or cutoff
|
Pitching: RHP Daniel Martínez
|
|
Batting: SHB Terry Conley
|
0-0: Ball 1-0: Ball 2-0: Fly out, F2 (Popup, 2R)
|
Top of the 9th over - 3 run(s), 2 hit(s), 0 error(s), 1 left on base; Santa Barbara 17 - Mercer Island 8 |
BOTTOM OF THE 9TH |
Mercer Island Screaming Eagles batting - Pitching for Santa Barbara Streak : RHP Jim Unknown
|
Batting: RHB Vincente Flores
|
0-0: Ball 1-0: Ball 2-0: Foul Ball, location: 2F 2-1: Foul Ball, location: 2F 2-2: Strikes out swinging
|
Batting: RHB P.J. O'Keefe
|
0-0: Ball 1-0: Called Strike 1-1: Ground out 5-3 (Groundball, 5S)
|
Batting: RHB Alan Rosales
|
0-0: Ball 1-0: Ball 2-0: Ball 3-0: Called Strike 3-1: Base on Balls
|
Batting: RHB Luis Antonio Hernández
|
0-0: Ball 1-0: Called Strike 1-1: Swinging Strike 1-2: Foul Ball, location: 2F 1-2: Ball 2-2: Strikes out swinging
|
Bottom of the 9th over - 0 run(s), 0 hit(s), 0 error(s), 1 left on base; Santa Barbara 17 - Mercer Island 8 |
|